 Dungeon Crawl Stone Soup version 0.32-a0-42-ga30500b4d3 (webtiles) character file.

Game seed: 12400891542814750236

425 Dittersdorf the Trooper (level 6, -4/40 HPs)
             Began as a Gargoyle Fighter on Jan 29, 2024.
             Killed by divine providence
             ... invoked by an orc priest
              (13 damage)
             ... on level 5 of the Dungeon.
             The game lasted 00:04:53 (3282 turns).

Dittersdorf the Trooper (Gargoyle Fighter)          Turns: 3282, Time: 00:04:54

Health: -4/40      AC: 18    Str: 21    XL:     6   Next: 96%
Magic:  6/6        EV: 10    Int:  6    God:
Gold:   13         SH:  6    Dex: 13    Spells: 5/5 levels left

rFire   . . .        e - +3 whip
rCold   . . .        c - +1 buckler
rNeg    + . .        i - +3 leather armour
rPois   ∞            q - +0 helmet
rElec   +            l - +1 cloak
rCorr   .            (no gloves)
SInv    .            (no boots)
Will    .....        (no amulet)
Stlth   +            h - ring of wizardry
HPRegen 0.26/turn    s - ring "Balomuhy" {rPois AC+4 Int-3 Dex+4 Slay+2}
MPRegen 0.10/turn

%: wizardry (x1)
@: no status effects
A: sickness immunity, AC +4, negative energy resistance 1, electricity
resistance, torment resistance 1, petrification resistance
a: no special abilities


You were on level 5 of the Dungeon.
You visited 1 branch of the dungeon, and saw 5 of its levels.

You collected 153 gold pieces.
You spent 140 gold pieces at shops.

Inventory:

Hand Weapons
 a - a +0 flail
 e - a +3 whip (weapon)
Armour
 b - a +0 scale mail
 c - a +1 buckler (worn)
 i - a +3 leather armour (worn)
 l - a +1 cloak (worn)
 q - a +0 helmet (worn)
Jewellery
 h - a ring of wizardry (left hand)
 s - the ring "Balomuhy" (right hand) {rPois AC+4 Int-3 Dex+4 Slay+2}
   (You found it on level 4 of the Dungeon)

   [ring of protection]

   AC+4:      It affects your AC (+4).
   Int-3:     It affects your intelligence (-3).
   Dex+4:     It affects your dexterity (+4).
   Slay+2:    It affects your accuracy & damage with ranged weapons and melee
   (+2).
   rPois:     It protects you from poison
Scrolls
 f - 2 scrolls of identify
 n - a scroll of teleportation
 p - a scroll of blinking
Potions
 d - a potion of might
 g - 6 potions of heal wounds
 k - a potion of haste


   Skills:
 + Level 5.0 Fighting
 + Level 3.9 Maces & Flails
 + Level 5.0 Armour
 + Level 5.0 Shields


You had 5 spell levels left.
You didn't know any spells.
Your spell library contained the following spells:

 Spells                   Type           Power      Damage    Failure   Level
 Freeze                   Ice            0%         1d3       26%         1
 Frozen Ramparts          Ice            0%         1d1       61%         3
 Hailstorm                Conj/Ice       0%         3d5       61%         3


Dungeon Overview and Level Annotations

Branches:
Dungeon (5/15)
 Temple: D:4-7

Altars:
Makhleb
Trog
Vehumet

Shops:
D:1 !


Innate Abilities, Weirdness & Mutations

You are immune to sickness and miasma.
Your stone body is resilient. (AC +4)
You are immune to poison.
You resist negative energy. (rN+)
You are resistant to electric shocks. (rElec)
You are resistant to unholy torment.
You are immune to petrification.


Message History

Beogh smites you!
You see here an adder corpse.
You hit the orc priest but do no damage.
The orc priest hits you but does no damage.
You barely miss the orc priest. You completely miss the orc. You hit the orc.
The orc is severely wounded.
You block the orc's attack.
The orc priest invokes the aid of Beogh against you.
Beogh smites you!
* * * LOW HITPOINT WARNING * * *
You are too injured to fight recklessly!
You are too injured to fight recklessly!
You are too injured to fight recklessly!
You are too injured to fight recklessly!
You are too injured to fight recklessly!
You are too injured to fight recklessly!
You are too injured to fight recklessly!
You are too injured to fight recklessly!
You are too injured to fight recklessly!
You are too injured to fight recklessly!
You are too injured to fight recklessly!
You are too injured to fight recklessly!
You are too injured to fight recklessly!
You are too injured to fight recklessly!
You are too injured to fight recklessly!
You are too injured to fight recklessly!
You are too injured to fight recklessly!
You are too injured to fight recklessly!
The orc barely misses you. The orc hits you but does no damage.
Things that are here:
a +0 flail; an orc corpse You block the orc's attack.
The orc attacks as it pursues you! The orc hits you but does no damage.
The orc attacks as it pursues you! The orc barely misses you.
The orc attacks as it pursues you! The orc closely misses you.
The orc priest calls down the wrath of Beogh upon you.
Beogh smites you!
You die...

.. .###.#.# ... ..#.#.# #
#$..## #...#.#.#.#.#
#....# #...#.#.#.#.##
#....# #............
#....#
#.........#######....#
#.....†.........#....#
#......[...##oo...#
#.....<...@o.o..)†#
#...........#.....#
#....#.#....#.....#
#....#.#......###.#
#.............###.#######
####.....................
................######.
.........../#####
.............#


You could see an orc priest and 3 orcs.

Vanquished Creatures
  A scorpion (D:4)
  A howler monkey (D:5)
  A bombardier beetle (D:3)
  2 jellies (D:4)
  An orc wizard (D:4)
  Robin (D:4)
  3 gnolls (D:4)
  5 adders
  2 ufetubi (D:5)
  2 ribbon worms (D:2)
  4 orcs
  6 endoplasms
  2 giant cockroaches (D:3)
  16 goblins
  15 hobgoblins
  3 jackals (D:4)
  3 quokkas
  15 ball pythons
  3 bats (D:1)
  7 frilled lizards
  8 kobolds
  7 rats
108 creatures vanquished.

Notes
Turn   | Place    | Note
-------+----------+-------------------------------------------
     0 | D:1      | Dittersdorf the Gargoyle Fighter began the quest for the
                  | Orb.
     0 | D:1      | Reached XP level 1. HP: 14/14 MP: 1/1
    81 | D:1      | Reached XP level 2. HP: 18/19 MP: 2/2
   363 | D:1      | Found Hutudwec's Distillery.
   549 | D:1      | Reached XP level 3. HP: 23/23 MP: 3/3
  1144 | D:2      | Reached XP level 4. HP: 29/29 MP: 4/4
  1833 | D:3      | Reached XP level 5. HP: 30/33 MP: 5/5
  2074 | D:4      | Found a burning altar of Makhleb.
  2185 | D:3      | Found a bloodstained altar of Trog.
  2185 | D:3      | Found a radiant altar of Vehumet.
  2227 | D:4      | Noticed Robin
  2255 | D:4      | Killed Robin
  2354 | D:4      | Reached XP level 6. HP: 33/39 MP: 6/6
  2724 | D:4      | Identified the ring "Balomuhy" {rPois AC+4 Int-3 Dex+4
                  | Slay+2}
  3121 | D:1      | Bought 2 potions of heal wounds for 140 gold pieces
  3202 | D:5      | Entered Level 5 of the Dungeon
  3209 | D:5      | Reached skill level 5 in Fighting
  3211 | D:5      | Reached skill level 5 in Armour
  3269 | D:5      | Reached skill level 5 in Shields
  3282 | D:5      | Killed from afar by an orc priest

Illustrated notes

Levels and vault maps discovered:
D:1:      tarquinn_simple_flora_water_d, layout_basic, serial_shops, shop
D:2:      layout_loops_ring, kennysheep_generic_room_9
D:3:      layout_basic, nicolae_overflow_hidden_temple, grunt_ministairs_14
D:4:      layout_loops_ring, bloody_makhleb, uniq_robin
D:5:      kennysheep_big_flooded_room, layout_basic,
          minmay_temple_entry_mini_moons

Skill      XL: |  1  2  3  4  5  6 |
---------------+-------------------+-----
Fighting       | 4 5 |  5.0
Armour         | 4 5 |  5.0
Shields        | 4 5 |  5.0
Maces & Flails | 3 |  3.9

Action                     |  1- 3 |  4- 6 || total
---------------------------+-------+-------++-------
  Melee: Flail             |    45 |       ||    45
         Whip              |   112 |   221 ||   333
    Use: Scroll            |       |     7 ||     7
 Armour: Scale mail        |    98 |    82 ||   180
         Leather armour    |       |    62 ||    62
  Dodge: Dodged            |    72 |    71 ||   143
  Block: Buckler           |    32 |    41 ||    73

Table legend: (Time is in decaauts)
 A = Elapsed time spent in this place.
 B = Non-inter-level travel time spent in this place.
 C = Inter-level travel time spent in this place.
 D = Time resting spent in this place.
 E = Time spent auto-exploring this place.
 F = Levels seen in this place.
 G = Mean time per level.
                   A        B        C        D        E       F      G
               +--------+--------+--------+--------+--------+-----+--------+
         Total |   3293 |   2865 |    428 |    174 |   1894 |   5 |  658.6 |
       Dungeon |   3293 |   2865 |    428 |    174 |   1894 |   5 |  658.6 |
               +--------+--------+--------+--------+--------+-----+--------+

Top non-repeatable levels by time:
     D:4: 978 daAuts
     D:2: 763 daAuts
     D:1: 756 daAuts
     D:3: 730 daAuts
     D:5: 64 daAuts
